cohdb
Replays
Latest Replays
All Replays
Popular Replays
Top Player Replays
Match Explorer
How It Works
Community
CoH3 Stats
Reddit
Sign in to upload your games and track your stats! →
Sign in with Steam
Match 41549975
Unlisted
Match 41549975
Overview
Messages
Build Orders
End
Construct Infanterie Kompanie
Kettenkrad Recon Vehicle
Selects Terror Battlegroup
Selects Machine Gun Camouflage
MG 42 Machine Gun Team
MG 42 Machine Gun Team
Grenadier Squad
Construct Panzergrenadier Kompanie
MG 42 Machine Gun Team
Panzergrenadier Squad
Panzergrenadier Squad
Construct Panzer Kompanie
Medical Station
Panzer IV Medium Tank
Selects No Quarter
Kettenkrad Recon Vehicle
Pioneer Squad
Sturmpanzer IV Brummbär
Side Skirts
MindfulRaptor
nispe
Bobokhan
只有框A才能打败框A
J_Shizlet
quangdung.tr0809
0
0
Comments
sign in to comment!
No comments posted yet!